 Dungeon Crawl Stone Soup version 0.30-a0-748-ge6a52f7cba (webtiles) character file.

Game seed: 6436169497169807458

2 Esekla the Sneak (level 1, -1/16 HPs)
             Began as an Octopode Delver on Feb 8, 2023.
             Slain by an orc
             ... wielding a +0 flail
              (7 damage)
             ... on level 5 of the Dungeon.
             The game lasted 00:01:09 (107 turns).

Esekla the Sneak (Octopode Delver)                   Turns: 107, Time: 00:01:10

Health: -1/16      AC:  1    Str: 11    XL:     1   Next: 40%
Magic:  1/1        EV: 13    Int: 12    God:
Gold:   44         SH:  0    Dex: 13    Spells: 0/0 levels left

rFire   . . .      SeeInvis .    a - +0 falchion
rCold   . . .      Faith    .    (no shield)
rNeg    . . .      Spirit   .    (helmet restricted)
rPois   .          Reflect  .    (no amulet)
rElec   .          Harm     .    (no ring)
rCorr   .          Rampage  .    (no ring)
Will    .....                    (no ring)
Stlth   ++++                     (no ring)
HPRegen 0.22/turn                (no ring)
MPRegen 0.07/turn                (no ring)
                                 (no ring)
                                 (no ring)

@: no status effects
A: almost no armour, amphibious, 8 rings, camouflage 1, gelatinous body 1,
(nimble swimmer 1), tentacles
a: no special abilities


You were on level 5 of the Dungeon.
You visited 1 branch of the dungeon, and saw 1 of its levels.

You collected 44 gold pieces.

Inventory:

Hand Weapons
 a - a +0 falchion (weapon)
Wands
 f - a wand of digging (3)
Scrolls
 b - a scroll of fog
 c - a scroll of torment {unknown}
 d - a scroll of fear
Potions
 e - a potion of haste


   Skills:
 * Level 3.0 Fighting
 * Level 2.0 Long Blades
 * Level 2.0 Dodging
 + Level 6.7 Stealth
 * Level 0.1 Spellcasting


You couldn't memorise any spells.
You didn't know any spells.
Your spell library was empty.

Dungeon Overview and Level Annotations

Branches:
Dungeon (5/15)
 Temple: D:4-7

Altars:
Ashenzari
Elyvilon


Innate Abilities, Weirdness & Mutations

You cannot wear most types of armour.
You are amphibious.
You can wear up to eight rings at the same time.
Your skin changes colour to match your surroundings (Stealth+).
Your rubbery body absorbs attacks. (AC +1, EV +1)
((You are camouflaged when in or above water. (Stealth+)))
You have tentacles for arms and can constrict up to eight enemies at once.


Message History

You hit the dart slug. You grab the dart slug. You squeeze the dart slug.
You kill the dart slug!
Found 15 gold pieces.
Found a scroll labelled CYW OJOZAOZ.
Found 2 throwing nets.
You now have 15 gold pieces.
c - a scroll labelled CYW OJOZAOZ
Found a helmet.
An ogre comes into view. It is wielding a +0 giant club.
Found a broken altar of Ashenzari.
You see here a +0 helmet.
Found 10 gold pieces.
Found a stone staircase leading down.
An adder comes into view.
You see here 10 gold pieces.
You now have 25 gold pieces (gained 10).
Found 12 gold pieces.
Found a stone staircase leading up.
You now have 37 gold pieces (gained 12).
Found an inky potion.
An orc comes into view. It is wielding a +0 short sword.
Found 7 gold pieces.
Found a scroll labelled OKAMOECIAR and a quarterstaff.
You now have 44 gold pieces (gained 7).
There are no items here.
Found a spear.
A necrophage comes into view.
You enter the deep water.
The orc barely misses you. The orc closely misses you.
Found a white marble altar of Elyvilon.
You enter the deep water.
The orc attacks as you move away! The orc hits you with a +0 flail!
Ouch! That really hurt!
You open the door.
Found a stone staircase leading up.
The orc attacks as you move away! The orc hits you with a +0 flail.
There is an open door here.
You closely miss the orc. You grab the orc. You squeeze the orc.
The orc is moderately wounded.
You constrict the orc, but do no damage.
The orc hits you with a +0 flail!
You die...

#.................#,8,8,*##..
#............#....#,,_,,*,#..
#####........#...#**,,,*#....
#..........#** **,*#..###
##.........#### *,....###
##.#####.....#***...,..#
####<.##...##,>*##..,..
#...#...#,,,* #..,*#
*#.@#...#+,** *#.###
**###o....##### #....
#.............# *#...
#......♣......#####..
#....................
#.###.....#####......
##*,+#...#'.##.#....#
*,,,#...#...#.###..#
*<,*#...##.>#.......


You could see an orc.

Vanquished Creatures
  A dart slug (D:5)
1 creature vanquished.

Notes
Turn   | Place    | Note
-------+----------+-------------------------------------------
     0 | D:5      | Esekla the Octopode Delver began the quest for the Orb.
     0 | D:5      | Reached XP level 1. HP: 16/16 MP: 1/1
    26 | D:5      | Noticed an ogre
    28 | D:5      | Found a broken altar of Ashenzari.
    78 | D:5      | Noticed a necrophage
    87 | D:5      | Found a white marble altar of Elyvilon.
   107 | D:5      | Slain by an orc

Illustrated notes

Levels and vault maps discovered:
D:5:      layout_cave_pools, nicolae_wu_jian_immortal_techniques,
          mainiacjoe_overflow_paths, mainiacjoe_overflow_brackets, led_sif_book,
          grunt_ministairs_6, minivault_1

Action                     || total
---------------------------++-------
  Melee: Falchion          ||     2
         Constrict         ||     2
         Tentacles         ||     2
    Use: Scroll            ||     1
  Dodge: Dodged            ||     2

Table legend: (Time is in decaauts)
 A = Elapsed time spent in this place.
 B = Non-inter-level travel time spent in this place.
 C = Inter-level travel time spent in this place.
 D = Time resting spent in this place.
 E = Time spent auto-exploring this place.
 F = Levels seen in this place.
 G = Mean time per level.
                   A        B        C        D        E       F      G
               +--------+--------+--------+--------+--------+-----+--------+
         Total |    107 |    107 |      0 |      0 |      0 |   1 |  107.0 |
       Dungeon |    107 |    107 |      0 |      0 |      0 |   1 |  107.0 |
               +--------+--------+--------+--------+--------+-----+--------+

Top non-repeatable levels by time:
     D:5: 107 daAuts
